[Event "FIDE Women World Blitz 2021"]
[Site "Warsaw"]
[Date "2021.12.29"]
[Round "4.3"]
[White "Sandu, Mihaela"]
[Black "Bartel, Marta"]
[Result "1-0"]
[ECO "B58"]
[WhiteElo "2244"]
[BlackElo "2192"]
[Annotator "NA"]
[PlyCount "77"]
[EventDate "2021.12.29"]
[EventType "swiss"]
[EventCountry "POL"]
[Tiebreak "Cut1 Buchholz"]
[SourceTitle "playchess.com"]
[Source "ChessBase"]
[SourceQuality "1"]
[TimeControl "180+2"]

1. e4 c5 2. Nf3 Nc6 3. d4 cxd4 4. Nxd4 Nf6 5. Nc3 d6 6. Be2 e5 7. Nf3 h6 8. O-O Be7 9. Re1 O-O 10. h3 Be6 11. Bf1 a6 12. b3 b5 13. a4 b4 14. Nd5 Nd7 15. a5 Bxd5 16. exd5 Nxa5 17. Bd2 Qb6 18. Ra4 f5 19. Rxb4 Qc7 20. Nd4 Rf6 21. Ne6 Qc8 22. Ra4 Nb7 23. Rxa6 Ndc5 24. Rc6 Qd7 25. Rc7 Qe8 26. b4 Nxe6 27. dxe6 Nd8 28. Bc4 Kh7 29. Qf3 Rb8 30. b5 e4 31. Qe2 Nxe6 32. Bxe6 Rxe6 33. c4 Bf6 34. Bf4 Qd8 35. Ra7 Qb6 36. Be3 Bd4 37. Bxd4 Qxd4 38. Rf7 Qxc4 39. Qxc4 1-0

[Event "FIDE Women World Blitz 2021"]
[Site "Warsaw"]
[Date "2021.12.29"]
[Round "4.4"]
[White "Vantika Agrawal"]
[Black "Muzychuk, Mariya"]
[Result "0-1"]
[ECO "D11"]
[WhiteElo "2329"]
[BlackElo "2536"]
[Annotator "ChessBase"]
[PlyCount "102"]
[EventDate "2021.12.29"]
[EventType "swiss"]
[EventCountry "POL"]
[Tiebreak "Cut1 Buchholz"]
[SourceTitle "playchess.com"]
[Source "ChessBase"]
[SourceQuality "1"]
[TimeControl "180+2"]

1. d4 d5 2. c4 c6 3. Nf3 Nf6 4. e3 Bg4 5. h3 Bh5 6. g4 Bg6 7. Ne5 Nbd7 8. Nxg6 hxg6 9. Bg2 e6 10. Nd2 Bd6 11. O-O g5 12. Re1 Nf8 13. Qb3 Qe7 14. e4 dxe4 15. Nxe4 Nxe4 16. Rxe4 Ng6 17. d5 cxd5 18. cxd5 e5 19. Be3 f6 20. Rc4 Kf7 21. Rac1 Rhd8 22. Be4 Nf4 23. Bxf4 gxf4 24. Rc7 Rd7 25. Rxd7 Qxd7 26. Bf5 Qe7 27. Be6+ Kf8 28. Qd3 g5 29. Kg2 Kg7 30. h4 gxh4 31. Rh1 Rh8 32. Rh3 Qe8 33. Qb3 b6 34. Qc2 Qg6 35. Qxg6+ Kxg6 36. Rc3 Kg5 37. Kh3 e4 38. Bf5 Re8 39. Rc2 e3 40. fxe3 Rxe3+ 41. Kg2 h3+ 42. Kf1 Kh4 43. Kf2 Bc5 44. Kf1 Kg3 45. a3 Rf3+ 46. Ke1 h2 47. Rxh2 Kxh2 48. b4 Bd6 49. Ke2 Rxa3 50. b5 Kg3 51. Be6 f3+ 0-1

[Event "FIDE Women World Blitz 2021"]
[Site "Warsaw"]
[Date "2021.12.29"]
[Round "4.4"]
[White "Szczotka, Klara"]
[Black "Bivol, Alina"]
[Result "0-1"]
[ECO "E90"]
[WhiteElo "1584"]
[BlackElo "2377"]
[Annotator "NA"]
[PlyCount "100"]
[EventDate "2021.12.29"]
[EventType "swiss"]
[EventCountry "POL"]
[Tiebreak "Cut1 Buchholz"]
[SourceTitle "playchess.com"]
[Source "ChessBase"]
[SourceQuality "1"]
[TimeControl "180+2"]

1. d4 Nf6 2. c4 g6 3. Nc3 c5 4. d5 d6 5. e4 Bg7 6. h3 O-O 7. Nf3 e5 8. Be3 a6 9. a4 h6 10. Be2 Nbd7 11. g4 Qa5 12. Qd2 h5 13. Ng5 hxg4 14. hxg4 Nb6 15. f3 Qb4 16. Nd1 Qxd2+ 17. Kxd2 Bd7 18. a5 Nc8 19. Nc3 b6 20.
axb6 Nxb6 21. Rhb1 a5 22. Nb5 Bxb5 23. cxb5 Rfb8 24. Kc3 Kf8 25. Nh3 Ke7 26. Nf2 Nfd7 27. Bg5+ Bf6 28. Bxf6+ Kxf6 29. Nd1 a4 30. Ne3 Rh8 31. Rh1 Rxh1 32. Rxh1 a3 33. bxa3 Rxa3+ 34. Kd2 Ra2+ 35. Kd3 c4+ 36. Nxc4 Nxc4 37. Kxc4 Rxe2 38. Rb1 Nb6+ 39. Kd3 Ra2 40. Rc1 Nd7 41. Rc6 Ke7 42. Kc3 Ra3+ 43. Kb4 Rxf3 44. b6 Rf1 45. Ka5 Ra1+ 46. Kb5 Rb1+ 47. Ka6 Rxb6+ 48. Rxb6 Nxb6 49. Kxb6 f5 50. gxf5 gxf5 0-1

[Event "FIDE Women World Blitz 2021"]
[Site "Warsaw"]
[Date "2021.12.29"]
[Round "4.5"]
[White "Vaishali R"]
[Black "Antolak, Julia"]
[Result "1-0"]
[ECO "A45"]
[WhiteElo "2405"]
[BlackElo "2334"]
[Annotator "NA"]
[PlyCount "65"]
[EventDate "2021.12.29"]
[EventType "swiss"]
[EventCountry "POL"]
[Tiebreak "Cut1 Buchholz"]
[SourceTitle "playchess.com"]
[Source "ChessBase"]
[SourceQuality "1"]
[TimeControl "180+2"]

1. d4 Nf6 2. Bf4 b6 3. e3 Bb7 4. c4 g6 5. Nc3 Bg7 6. d5 O-O 7. h4 c6 8. Be2 cxd5 9. cxd5 d6 10. h5 Nbd7 11. hxg6 fxg6 12. Nf3 Nc5 13. Rc1 Qd7 14. Bb5 Qf5 15. Nd4 Qg4 16. Be2 Qd7 17. b4 Nce4 18. Nxe4 Nxe4 19. Bg4 Qe8 20. Ne6 Bc3+ 21. Rxc3 Nxc3 22. Qd4 Rf6 23. Qxc3 Rc8 24. Nc7 Rxc7 25. Qxc7 Bxd5 26. O-O Qf7 27. Qxa7 h5 28. Be2 g5 29. Bxg5 Qg7 30. f4 Re6 31. Qxb6 Qg6 32. Bf3 Bxf3 33. Rxf3 1-0

[Event "FIDE Women World Blitz 2021"]
[Site "Warsaw"]
[Date "2021.12.29"]
[Round "4.5"]
[White "Sliwicka, Alicja"]
[Black "Wikar, Martyna"]
[Result "1-0"]
[ECO "A36"]
[WhiteElo "2303"]
[BlackElo "1899"]
[Annotator "NA"]
[PlyCount "79"]
[EventDate "2021.12.29"]
[EventType "swiss"]
[EventCountry "POL"]
[Tiebreak "Cut1 Buchholz"]
[SourceTitle "playchess.com"]
[Source "ChessBase"]
[SourceQuality "1"]
[TimeControl "180+2"]

1. e4 c5 2. Ne2 Nc6 3. c4 e5 4. g3 g6 5. Bg2 Bg7 6. O-O Nge7 7. d3 O-O 8. Nbc3 d6 9. Be3 Be6 10. Qd2 Qd7 11. f4 exf4 12. Nxf4 Nd4 13. Rae1 Nec6 14. Ncd5 Rae8 15. Rf2 Kh8 16. Ref1 f5 17. Nxe6 Rxe6 18. Bh3 Re5 19. a3 b6 20. b4 Nb3 21. Qd1 Ncd4 22. Bf4 Ree8 23. exf5 gxf5 24. Qh5 Qf7 25. Qxf7 Rxf7 26. Bxd6 Ne2+ 27. Kh1 Nbd4 28. bxc5 bxc5 29. Bxc5 Rb7 30. Bb4 a5 31. Bxa5 Rb2 32. Bb4 Rb3 33. Bxf5 Nxf5 34. Rxf5 Rxd3 35. Nf4 Nxf4 36. R5xf4 h6 37. Kg2 Rb3 38. R1f3 Re2+ 39. Rf2 Re1 40. Bxe1 1-0

[Event "FIDE Women World Blitz 2021"]
[Site "Warsaw"]
[Date "2021.12.29"]
[Round "4.6"]
[White "Balajayeva, Khanim"]
[Black "Shuvalova, Polina"]
[Result "0-1"]
[ECO "B14"]
[WhiteElo "2369"]
[BlackElo "2515"]
[Annotator "ChessBase"]
[PlyCount "68"]
[EventDate "2021.12.29"]
[EventType "swiss"]
[EventCountry "POL"]
[Tiebreak "Cut1 Buchholz"]
[SourceTitle "playchess.com"]
[Source "ChessBase"]
[SourceQuality "1"]
[TimeControl "180+2"]

1. e4 c6 2. d4 d5 3. exd5 cxd5 4. c4 Nf6 5. Nc3 e6 6. Nf3 Bb4 7. cxd5 Nxd5 8. Bd2 Nc6 9. Bd3 O-O 10. O-O Be7 11. a3 Bf6 12. Be3 Nce7 13.
Ne4 Nf5 14. Nxf6+ Nxf6 15. Bg5 h6 16. Bxf5 exf5 17. Bxf6 Qxf6 18. Qb3 b6 19. Ne5 Be6 20. Qb4 Rfd8 21. Rac1 Rac8 22. Nc6 Re8 23. Nxa7 Rxc1 24. Rxc1 f4 25. f3 Bd5 26. Nb5 Qg5 27. Qd2 Bxf3 28. Nd6 Rd8 29. Nc4 Rxd4 30. Qf2 Be4 31. Nxb6 f3 32. Rc8+ Kh7 33. h4 Rd1+ 34. Kh2 Qxg2+ 0-1

[Event "FIDE Women World Blitz 2021"]
[Site "Warsaw"]
[Date "2021.12.29"]
[Round "4.6"]
[White "Kovanova, Baira"]
[Black "Zabrzanska, Weronika"]
[Result "1-0"]
[ECO "C50"]
[WhiteElo "2331"]
[BlackElo "1596"]
[Annotator "NA"]
[PlyCount "49"]
[EventDate "2021.12.29"]
[EventType "swiss"]
[EventCountry "POL"]
[Tiebreak "Cut1 Buchholz"]
[SourceTitle "playchess.com"]
[Source "ChessBase"]
[SourceQuality "1"]
[TimeControl "180+2"]

1. e4 e5 2. Nf3 Nc6 3. Bc4 Bc5 4. d3 Nf6 5. Nbd2 O-O 6. h3 d5 7. exd5 Nxd5 8. O-O h6 9. Re1 Re8 10. a3 a6 11. Ne4 Be7 12. d4 Nb6 13.
Bb3 exd4 14. Bf4 Bf5 15. Qd2 Nd5 16. Ng3 Bg6 17. Be5 Bf6 18.
Bxf6 Nxf6 19. Rxe8+ Qxe8 20. Re1 Qd7 21. Nh4 Bh7 22. Qf4 Rd8 23.
Nhf5 Na5 24. Nxh6+ gxh6 25. Qxf6 1-0

[Event "FIDE Women World Blitz 2021"]
[Site "Warsaw"]
[Date "2021.12.29"]
[Round "4.7"]
[White "Batsiashvili, Nino"]
[Black "Nurgali, Nazerke"]
[Result "1-0"]
[ECO "D37"]
[WhiteElo "2491"]
[BlackElo "2267"]
[Annotator "ChessBase"]
[PlyCount "125"]
[EventDate "2021.12.29"]
[EventType "swiss"]
[EventCountry "POL"]
[Tiebreak "Cut1 Buchholz"]
[SourceTitle "playchess.com"]
[Source "ChessBase"]
[SourceQuality "1"]
[TimeControl "180+2"]

1. d4 d5 2. c4 e6 3. Nf3 Nf6 4. Nc3 Be7 5. Bf4 O-O 6. e3 b6 7. cxd5 exd5 8. Bd3 Bb7 9. O-O c5 10. b3 Na6 11. Rc1 Nc7 12. Bg3 Ne6 13.
Bf5 g6 14. Bh3 Ne4 15. Nxe4 dxe4 16. Ne5 Ng5 17. Bg4 cxd4 18. Qxd4 h5 19. Be2 Qxd4 20. exd4 Ne6 21. Bc4 Nxd4 22. Nxg6 Rfe8 23. Nxe7+ Rxe7 24. Rfe1 Nf5 25. Bf4 Kg7 26. Rcd1 Rae8 27. h3 Bc6 28. Bc1 e3 29. fxe3 Nxe3 30. Bxe3 Rxe3 31. Rxe3 Rxe3 32. Kf2 Rc3 33. Rd2 Rc1 34. h4 a5 35. Be2 Rh1 36. Kg3 Rg1 37. Bxh5 b5 38. Rf2 Bd5 39. Kh2 Ra1 40.
Rf5 Bc6 41. Rxf7+ Kh6 42. Rf6+ Kxh5 43. Rxc6 Kxh4 44. Rc2 b4 45. Rd2 Kg4 46. Rd4+ Kf5 47. Rd5+ Kf4 48. Rxa5 Kg4 49. Ra4 Kf5 50. Rxb4 Rxa2 51. Rb8 Rb2 52. Kg3 Kg5 53. Rb5+ Kg6 54. Kf3 Kf6 55. g4 Kg6 56. Kf4 Rf2+ 57. Ke4 Rg2 58. g5 Rg4+ 59. Kd3 Rg3+ 60. Kc4 Rg4+ 61. Kc3 Rg3+ 62. Kb4 Rg4+ 63. Ka5 1-0

[Event "FIDE Women World Blitz 2021"]
[Site "Warsaw"]
[Date "2021.12.29"]
[Round "4.7"]
[White "Pavlidou, Ekaterini"]
[Black "Gaponenko, Inna"]
[Result "0-1"]
[ECO "A42"]
[WhiteElo "2177"]
[BlackElo "2339"]
[Annotator "NA"]
[PlyCount "69"]
[EventDate "2021.12.29"]
[EventType "swiss"]
[EventCountry "POL"]
[Tiebreak "Cut1 Buchholz"]
[SourceTitle "playchess.com"]
[Source "ChessBase"]
[SourceQuality "1"]
[TimeControl "180+2"]

1. d4 g6 2. c4 Bg7 3. Nc3 d6 4. e4 Nc6 5. Be3 e5 6. d5 Nce7 7. Bd3 f5 8. exf5 Nxf5 9. Bxf5 Bxf5 10. g4 Bd7 11. h3 Nf6 12. Nge2 O-O 13. Ng3 a6 14. Qe2 b5 15. g5 Nh5 16. Nxh5 gxh5 17. c5 Qe8 18. c6 Bf5 19. O-O-O b4 20.
Nb1 Be4 21. Nd2 Bxh1 22. Rxh1 e4 23. Nc4 Qg6 24. h4 Rf5 25.
Rd1 Qf7 26. Qd2 a5 27. Bb6 Rc8 28. Be3 a4 29. Qxb4 Rxd5 30. Rxd5 Qxd5 31. Qxa4 Rb8 32. b3 Rf8 33. Qa5 Qxc6 34. Qd2 d5 35. Qc2 0-1

[Event "FIDE Women World Blitz 2021"]
[Site "Warsaw"]
[Date "2021.12.29"]
[Round "4.8"]
[White "Kashlinskaya, Alina"]
[Black "Heredia Serrano, Carla"]
[Result "1-0"]
[ECO "D16"]
[WhiteElo "2482"]
[BlackElo "2138"]
[Annotator "ChessBase"]
[PlyCount "59"]
[EventDate "2021.12.29"]
[EventType "swiss"]
[EventCountry "POL"]
[Tiebreak "Cut1 Buchholz"]
[SourceTitle "playchess.com"]
[Source "ChessBase"]
[SourceQuality "1"]
[TimeControl "180+2"]

1. d4 d5 2. c4 c6 3. Nf3 Nf6 4. Nc3 dxc4 5. a4 a5 6. e4 Bg4 7. Bxc4 e6 8. Be3 Bb4 9. Qd3 Nbd7 10. Nd2 O-O 11. O-O Bh5 12. f3 Qe7 13. Qe2 Rfd8 14. Qf2 Bg6 15. Nb3 h6 16. Nc1 Rac8 17. N1e2 e5 18. Rad1 exd4 19. Nxd4 Bc5 20. Kh1 Ne5 21. Ba2 Rd7 22. Nf5 Bxf5 23. Bxc5 Qe8 24. exf5 Nd3 25. Qe3 Nxc5 26. Qxc5 Rxd1 27. Rxd1 Rd8 28. Rxd8 Qxd8 29. Kg1 Qe7 30. Qxe7 1-0

[Event "FIDE Women World Blitz 2021"]
[Site "Warsaw"]
[Date "2021.12.29"]
[Round "4.8"]
[White "Semenova, Elena"]
[Black "Danielian, Elina"]
[Result "1-0"]
[ECO "B10"]
[WhiteElo "2233"]
[BlackElo "2450"]
[Annotator "ChessBase"]
[PlyCount "49"]
[EventDate "2021.12.29"]
[EventType "swiss"]
[EventCountry "POL"]
[Tiebreak "Cut1 Buchholz"]
[SourceTitle "playchess.com"]
[Source "ChessBase"]
[SourceQuality "1"]
[TimeControl "180+2"]

1. e4 c6 2. Nf3 d5 3. d3 Bg4 4. Be2 Nd7 5. O-O Ngf6 6. exd5 cxd5 7.
c4 e6 8. Nc3 dxc4 9. dxc4 Bc5 10. h3 Bh5 11. Bf4 O-O 12. Bd6 Bxd6 13. Qxd6 Rc8 14. Rad1 Bxf3 15. Bxf3 Rxc4 16. Bxb7 Qb8 17.
Ba6 Qxd6 18. Rxd6 Rc7 19. Rfd1 Nc5 20. Be2 g6 21. Bf3 Rb8 22. R1d2 a5 23. Kf1 h5 24. Rd8+ Kg7 25. Rxb8 1-0

[Event "FIDE Women World Blitz 2021"]
[Site "Warsaw"]
[Date "2021.12.29"]
[Round "4.9"]
[White "Efimenko, Maria"]
[Black "Kamalidenova, Meruert"]
[Result "0-1"]
[ECO "B22"]
[WhiteElo "2207"]
[BlackElo "2339"]
[Annotator "NA"]
[PlyCount "76"]
[EventDate "2021.12.29"]
[EventType "swiss"]
[EventCountry "POL"]
[Tiebreak "Cut1 Buchholz"]
[SourceTitle "playchess.com"]
[Source "ChessBase"]
[SourceQuality "1"]
[TimeControl "180+2"]

1. e4 c5 2. c3 Nf6 3. e5 Nd5 4. d4 cxd4 5. cxd4 e6 6. Nf3 d6 7. Bc4 dxe5 8.
dxe5 Be7 9. O-O Nc6 10. Bd2 a6 11. Qe2 Qc7 12. Nc3 Nxc3 13.
Bxc3 O-O 14. Rac1 Rd8 15. a3 b5 16. Bd3 Bb7 17. h3 Qb6 18.
Rfd1 Rac8 19. Bb1 g6 20. h4 b4 21. axb4 Nxb4 22. h5 Nd5 23.
Bd4 Qb5 24. Qd2 Nb4 25. Rxc8 Rxc8 26. hxg6 hxg6 27. Qf4 Nd5 28. Qg4 Qe8 29. Ng5 Kg7 30. Ne4 Qh8 31. Nf6 Nb4 32. Qg3 Nd5 33. Qg4 Rc7 34. Qg3 Rc8 35. Bd3 Qh6 36. Ng4 Qh5 37. Nf6 Qxd1+ 38. Bf1 Rc1 0-1

[Event "FIDE Women World Blitz 2021"]
[Site "Warsaw"]
[Date "2021.12.29"]
[Round "4.9"]
[White "Rudzinska, Michalina"]
[Black "Kolaric, Spela"]
[Result "0-1"]
[ECO "C47"]
[WhiteElo "1832"]
[BlackElo "2178"]
[Annotator "NA"]
[PlyCount "148"]
[EventDate "2021.12.29"]
[EventType "swiss"]
[EventCountry "POL"]
[Tiebreak "Cut1 Buchholz"]
[SourceTitle "playchess.com"]
[Source "ChessBase"]
[SourceQuality "1"]
[TimeControl "180+2"]

1. e4 e5 2. Nf3 Nc6 3. Nc3 Nf6 4. a4 d5 5. exd5 Nxd5 6. Bb5 Nxc3 7. bxc3 Bd6 8. O-O O-O 9. d4 exd4 10. cxd4 Bg4 11. c3 Qf6 12. Be2 h6 13. h3 Bf5 14. Nh2 Rad8 15. Ng4 Qg6 16. Kh1 Rfe8 17. Ne3 Be4 18. Bf3 Bc2 19. Qd2 Be4 20. Qd1 Ne7 21. Bxe4 Qxe4 22. Qg4 Qd3 23. Bb2 f5 24. Qd1 Qxd1 25. Rfxd1 f4 26. Nc4 Nf5 27. Bc1 g5 28. Rb1 b6 29. Bd2 Re2 30. Re1 Rde8 31. Kg1 Kg7 32. Kf1 Rxe1+ 33. Bxe1 Kf6 34. a5 h5 35. axb6 axb6 36. Ra1 Ke6 37. Bd2 Kd5 38. Nb2 g4 39. Rd1 g3 40. Bc1 gxf2 41. Kxf2 Ng3 42. c4+ Kc6 43. d5+ Kd7 44. Kf3 Ne2 45. Bd2 Nd4+ 46. Kf2 Bc5 47. Kf1 f3 48. Nd3 fxg2+ 49. Kxg2 Bd6 50. Rf1 Re2+ 51. Rf2 Rxf2+ 52. Kxf2 c6 53. dxc6+ Kxc6 54. Ke3 Ne6 55. Ke4 Bc7 56. Kf5 Nd4+ 57. Kg6 Nf3 58. Be3 h4 59. Nf4 Ne5+ 60. Kf5 Nxc4 61. Bc1 b5 62. Kg4 Bd8 63. Ne6 Be7 64. Nd4+ Kc5 65. Nf5 Bd8 66. Nxh4 b4 67. Nf3 b3 68. h4 Kd5 69. h5 Bf6 70.
h6 Ne5+ 71. Nxe5 Kxe5 72. Bb2+ Ke6 73. Bxf6 Kxf6 74. h7 Kg7 0-1

[Event "FIDE Women World Blitz 2021"]
[Site "Warsaw"]
[Date "2021.12.29"]
[Round "4.10"]
[White "Koneru, Humpy"]
[Black "Socko, Monika"]
[Result "1-0"]
[ECO "A40"]
[WhiteElo "2586"]
[BlackElo "2393"]
[Annotator "ChessBase"]
[PlyCount "113"]
[EventDate "2021.12.29"]
[EventType "swiss"]
[EventCountry "POL"]
[Tiebreak "Cut1 Buchholz"]
[SourceTitle "playchess.com"]
[Source "ChessBase"]
[SourceQuality "1"]
[TimeControl "180+2"]

1. d4 e6 2. c4 b6 3. a3 Bb7 4. Nc3 f5 5. Nf3 Nf6 6. g3 Be7 7. Bg2 O-O 8.
O-O a5 9. d5 Na6 10. Nd4 Nc5 11. Bf4 exd5 12. Nxf5 dxc4 13. Bxb7 Nxb7 14. Nd5 Bd6 15. Nxd6 Nxd6 16. Nxc7 Nde4 17. Nxa8 Qxa8 18.
f3 Nc5 19. Bd6 Rc8 20. Bxc5 Rxc5 21. Qd4 Qc6 22. Rad1 b5 23. e4 Qc7 24. Qd6 Qxd6 25. Rxd6 b4 26. axb4 axb4 27. Rc1 Kf7 28. Rd4 c3 29. bxc3 bxc3 30. Rd3 d5 31. e5 Nd7 32. Rcxc3 Rxc3 33. Rxc3 Nxe5 34. Kf2 Ke6 35. Ra3 g6 36. Ra6+ Kf5 37. Ke3 d4+ 38. Kf2 h5 39. Rd6 d3 40. Rd4 g5 41. h3 Kf6 42. Ke3 Kf5 43. Rxd3 g4 44. hxg4+ hxg4 45. f4 Nf7 46. Rd5+ Kf6 47. Ra5 Nd8 48. Ra6+ Kf5 49. Ra5+ Kf6 50. Rg5 Nc6 51. Rxg4 Ne7 52. Rg5 Kf7 53. Kf3 Kf6 54. g4 Kf7 55. Ra5 Kf6 56. Ra6+ Kf7 57. Ra7 1-0

[Event "FIDE Women World Blitz 2021"]
[Site "Warsaw"]
[Date "2021.12.29"]
[Round "4.10"]
[White "Beydullayeva, Govhar"]
[Black "Kubicka, Anna"]
[Result "1/2-1/2"]
[ECO "E04"]
[WhiteElo "2278"]
[BlackElo "2273"]
[Annotator "NA"]
[PlyCount "81"]
[EventDate "2021.12.29"]
[EventType "swiss"]
[EventCountry "POL"]
[Tiebreak "Cut1 Buchholz"]
[SourceTitle "playchess.com"]
[Source "ChessBase"]
[SourceQuality "1"]
[TimeControl "180+2"]

1. Nf3 d5 2. g3 c5 3. Bg2 Nc6 4. d4 e6 5. O-O Nf6 6. c4 dxc4 7. dxc5 Qxd1 8.
Rxd1 Bxc5 9. Nbd2 c3 10. bxc3 O-O 11. Nb3 Bb6 12. Nfd4 Bd7 13. Nxc6 Bxc6 14. Bxc6 bxc6 15. Ba3 Rfd8 16. e3 Ne4 17. Bb2 e5 18. c4 f6 19. Kf1 Kf7 20. Ke2 Ke6 21. f3 Nc5 22. Rac1 Na4 23.
Ba3 Rxd1 24. Kxd1 Rd8+ 25. Ke2 c5 26. Rc2 Rd7 27. Bc1 f5 28.
Bd2 g6 29. Nc1 e4 30. fxe4 fxe4 31. Ke1 Rf7 32. Ne2 g5 33. g4 h6 34. Ng3 Bc7 35. Nf5 Bxh2 36. Nxh6 Bg3+ 37. Kd1 Rf1+ 38. Ke2 Rf2+ 39. Kd1 Rf1+ 40. Ke2 Rf2+ 41. Kd1 1/2-1/2

[Event "FIDE Women World Blitz 2021"]
[Site "Warsaw"]
[Date "2021.12.29"]
[Round "4.11"]
[White "Kosteniuk, Alexandra"]
[Black "Lach, Aleksandra"]
[Result "1-0"]
[ECO "B27"]
[WhiteElo "2518"]
[BlackElo "2204"]
[Annotator "ChessBase"]
[PlyCount "128"]
[EventDate "2021.12.29"]
[EventType "swiss"]
[EventCountry "POL"]
[Tiebreak "Cut1 Buchholz"]
[SourceTitle "playchess.com"]
[Source "ChessBase"]
[SourceQuality "1"]
[TimeControl "180+2"]

1. e4 c5 2. Nf3 g6 3. c3 Bg7 4. d4 cxd4 5. cxd4 d5 6. e5 Bg4 7. Nbd2 e6 8. Qb3 Qc7 9. Ng1 Bf5 10.
Bb5+ Nd7 11. Ne2 Ne7 12. h3 h5 13. O-O O-O 14. Nc3 a6 15.
Be2 Nc6 16. Nf3 Be4 17. Be3 Bxf3 18. Bxf3 b5 19. Qd1 Ne7 20. Rc1 Qd8 21. Bg5 f6 22.
exf6 Bxf6 23. Qd2 Kh7 24. Ne2 Ra7 25. Bxf6 Nxf6 26. Nf4 Qd6 27. Rfe1 Ne4 28. Bxe4 Qxf4 29. Qxf4 Rxf4 30. Bb1 Rf6 31. Re5 Kg7 32. g4 hxg4 33. hxg4 Kf7 34. Kg2 Rf4 35. Kg3 Rxd4 36. Rce1 Rb4 37. b3 d4 38. Rxe6 a5 39. g5 a4 40. Rf6+ Kg7 41. Bc2 d3 42. Bxd3 axb3 43. axb3 Rxb3 44. Re3 Rd7 45. Be4 Rxe3+ 46. fxe3 b4 47. Rb6 Nc8 48. Rxb4 Re7 49. Kf3 Nd6 50. Bd5 Nf5 51. e4 Nd6 52. Rb6 Nc8 53. Rf6 Ra7 54. Kf4 Rc7 55. Ra6 Ne7 56. Ke5 Nc8 57. Be6 Ne7 58. Kd6 Rb7 59. Bd5 Nxd5 60. exd5 Kf7 61. Kc6 Rb1 62. Ra7+ Ke8 63. Rg7 Rb2 64. Rxg6 Rb6+ 1-0

[Event "FIDE Women World Blitz 2021"]
[Site "Warsaw"]
[Date "2021.12.29"]
[Round "4.11"]
[White "Budkiewicz, Magdalena"]
[Black "Utiatskaja, Irina"]
[Result "1-0"]
[ECO "B40"]
[WhiteElo "1624"]
[BlackElo "2184"]
[Annotator "NA"]
[PlyCount "109"]
[EventDate "2021.12.29"]
[EventType "swiss"]
[EventCountry "POL"]
[Tiebreak "Cut1 Buchholz"]
[SourceTitle "playchess.com"]
[Source "ChessBase"]
[SourceQuality "1"]
[TimeControl "180+2"]

1. e4 c5 2. Nf3 e6 3. d4 cxd4 4. Nxd4 Bc5 5. Nb3 Bb6 6. Bd3 Nc6 7. O-O Nge7 8. c4 d6 9. Nc3 a6 10. Kh1 Ng6 11. f4 Qc7 12. Qg4 Bd7 13.
Bd2 O-O-O 14. Na4 Ba7 15. Nc3 Kb8 16. Qe2 h5 17. Be3 Bxe3 18.
Qxe3 h4 19. h3 e5 20. f5 Nf4 21. Nd5 Nxd5 22. cxd5 Nd4 23. Nxd4 exd4 24. Qxd4 f6 25. Rac1 Qa5 26. a3 Rc8 27. Qf2 Qa4 28. Qf4 Qa5 29. Qxd6+ Ka7 30. Qxd7 Rxc1 31. Rxc1 Qd2 32. Rc3 Qe1+ 33.
Kh2 Qg3+ 34. Kg1 Qe3+ 35. Kh1 Qe1+ 36. Kh2 Qg3+ 37. Kg1 Qe3+ 38. Kf1 Rh5 39. Qc7 Qd2 40. Qc5+ Kb8 41. Qf2 Qd1+ 42. Qe1 Qa4 43. Qe2 Rg5 44. Qf3 Rg3 45. Qf4+ Ka7 46. Be2 Qd4 47. Rxg3 hxg3 48. Qxg3 Qxb2 49. Qf2+ Kb8 50. Qe3 Qa1+ 51.
Kf2 Ka8 52. d6 Qe5 53. Qd3 Qf4+ 54. Bf3 Qh4+ 55. Ke2 1-0

[Event "FIDE Women World Blitz 2021"]
[Site "Warsaw"]
[Date "2021.12.29"]
[Round "4.12"]
[White "Paehtz, Elisabeth"]
[Black "Garcia Martin, Marta"]
[Result "1-0"]
[ECO "D02"]
[WhiteElo "2485"]
[BlackElo "2194"]
[Annotator "ChessBase"]
[PlyCount "123"]
[EventDate "2021.12.29"]
[EventType "swiss"]
[EventCountry "POL"]
[Tiebreak "Cut1 Buchholz"]
[SourceTitle "playchess.com"]
[Source "ChessBase"]
[SourceQuality "1"]
[TimeControl "180+2"]

1. d4 d5 2. Bf4 Nf6 3. e3 e6 4. Nf3 Bd6 5. Nbd2 O-O 6. c3 b6 7. Bd3 Ba6 8. Bxa6 Nxa6 9. O-O c5 10. Ne5 Nb8 11. Bg5 Be7 12. Bxf6 Bxf6 13. f4 Be7 14. Qg4 Qd6 15. Rf3 f5 16. Qh5 Nd7 17. Rg3 Nf6 18.
Qh6 Ng4 19. Qh3 Nxe5 20. fxe5 Qd8 21. Qh6 g6 22. Nf3 Rf7 23. Qf4 Rg7 24. h4 Rc8 25. Qh6 Rc6 26. Rf1 b5 27. Qf4 c4 28. a3 a5 29. Ra1 Rb6 30.
Qh6 Kf7 31. Rf1 Kg8 32. Qf4 b4 33. axb4 axb4 34. Rh3 Ra6 35.
cxb4 Ra2 36. Rf2 Qb6 37. Rg3 Qxb4 38. h5 g5 39. Nxg5 Bxg5 40.
Rxg5 Ra1+ 41. Kh2 Qe1 42. Rxg7+ Kxg7 43. Qg5+ Kf8 44. Qf6+ Ke8 45. Qxe6+ Kd8 46. Qxd5+ Ke8 47. Qc6+ Kd8 48. Qd6+ Kc8 49. Qe6+ Kc7 50. Qf7+ Kb6 51. Qxf5 Qxe3 52. d5 Qd4 53. Qf4 Qxd5 54. Qe3+ Kb5 55. Rd2 Qc5 56. Qxc5+ Kxc5 57. Re2 Ra7 58. e6 Re7 59. g4 h6 60. Kg3 Kd4 61. Kf4 Kd3 62. Re4 1-0

[Event "FIDE Women World Blitz 2021"]
[Site "Warsaw"]
[Date "2021.12.29"]
[Round "4.12"]
[White "Smirnova, Ekaterina"]
[Black "Parol, Pola"]
[Result "1/2-1/2"]
[ECO "D38"]
[WhiteElo "2196"]
[BlackElo "1823"]
[Annotator "NA"]
[PlyCount "166"]
[EventDate "2021.12.29"]
[EventType "swiss"]
[EventCountry "POL"]
[Tiebreak "Cut1 Buchholz"]
[SourceTitle "playchess.com"]
[Source "ChessBase"]
[SourceQuality "1"]
[TimeControl "180+2"]

1. d4 Nf6 2. c4 e6 3. Nf3 d5 4. Nc3 Bb4 5. cxd5 exd5 6. Bg5 h6 7. Bxf6 Qxf6 8. Qa4+ Nc6 9. e3 O-O 10. Be2 Be6 11. O-O a6 12. Qb3 Rfd8 13.
a3 Bxc3 14. bxc3 Na5 15. Qb4 b6 16. Rab1 Nc6 17. Qb2 Na5 18.
Nd2 b5 19. Nb3 Nxb3 20. Qxb3 c6 21. a4 Rdb8 22. a5 Bf5 23.
Rbe1 Qg6 24. Qb4 Bd3 25. Bxd3 Qxd3 26. Qc5 Qc4 27. Qb4 Re8 28. Qb2 Re6 29. Re2 Rae8 30. Rfe1 Qd3 31. Qd2 Qxd2 32. Rxd2 f5 33. Rde2 Kf7 34. f3 Kf6 35. Kf2 R8e7 36. Rg1 Re8 37. g4 f4 38. Rge1 fxe3+ 39. Rxe3 Rxe3 40. Rxe3 Rb8 41. h4 b4 42. cxb4 Rxb4 43. Rc3 Rxd4 44. Rxc6+ Kf7 45. Rxa6 Ra4 46. Ke3 g5 47. h5 Kg7 48. Ra7+ Kf6 49. a6 Ra3+ 50. Kf2 Ke5 51. Ra8 Kd4 52. a7 Kd3 53.
Rd8 Rxa7 54. Rxd5+ Kc4 55. Rd6 Rh7 56. Kg3 Kc5 57. Ra6 Kd5 58.
f4 gxf4+ 59. Kxf4 Rf7+ 60. Ke3 Rh7 61. Rg6 Ke5 62. Kf3 Rh8 63.
Ra6 Rh7 64. Ra5+ Kf6 65. Kf4 Rb7 66. Ra6+ Kg7 67. Rg6+ Kh7 68. Kf5 Rb5+ 69. Kf6 Rb6+ 70. Kf7 Rb7+ 71. Ke8 Rb8+ 72. Kd7 Rb7+ 73. Kc6 Ra7 74. Rd6 Ra6+ 75. Kd5 Ra1 76. Rd7+ Kg8 77. Ke6 Rf1 78. Ke7 Rf4 79. Rd6 Rxg4 80. Rxh6 Kg7 81. Ra6 Rh4 82. h6+ Rxh6 83. Rxh6 Kxh6 1/2-1/2

[Event "FIDE Women World Blitz 2021"]
[Site "Warsaw"]
[Date "2021.12.29"]
[Round "4.13"]
[White "Malicka, Maria"]
[Black "Brambilla, Renee Blandy T."]
[Result "1-0"]
[ECO "B33"]
[WhiteElo "2307"]
[BlackElo "1651"]
[Annotator "NA"]
[PlyCount "68"]
[EventDate "2021.12.29"]
[EventType "swiss"]
[EventCountry "POL"]
[Tiebreak "Cut1 Buchholz"]
[SourceTitle "playchess.com"]
[Source "ChessBase"]
[SourceQuality "1"]
[TimeControl "180+2"]

1. e4 c5 2. Nf3 Nc6 3. d4 cxd4 4. Nxd4 Nf6 5. Nc3 e5 6. Ndb5 d6 7. a4 Be7 8. Bg5 O-O 9. Bxf6 Bxf6 10. Nd5 a6 11. Nbc3 Be7 12. Bc4 Kh8 13. O-O f5 14. exf5 Bxf5 15. Ne3 Bd7 16. Ncd5 Bf6 17. c3 Ne7 18. Nxe7 Qxe7 19. Nd5 Qd8 20. a5 Rc8 21. Nb6 Rc5 22. b4 Rc6 23. Rc1 Bf5 24. Bd5 Rc7 25.
c4 Re8 26. Qf3 Be6 27. Bxb7 Qb8 28. Bxa6 Rf7 29. Qe2 Bd8 30. Bb5 Ref8 31. Qe3 Bxb6 32. Qxb6 Qxb6 33. axb6 Rc8 34. c5 dxc5 1-0